Map: Fields of Death

Players

austinwv

  • Race: Zerg Zerg

emswvsmith

  • Race: Zerg Zerg

Tenonee - Winner!

  • Race: Zerg Zerg
  • League: Diamond

Khronus - Winner!

  • Race: Zerg Zerg

VOD

Have the link to the VOD?

Description

Time

  • Played on: July 31, 2016, 1:52 p.m.
  • Length: 15:28
Show
View Real Time Build Order
Export as new Build Order

austinwv Zerg 

Build Orders: Hatch First 

Get SALT Encoding   

  12  0:01  Drone  
  13  0:12  Overlord  
  13  0:17  Drone  
  14  0:30  Drone x2  
  14  0:34  Drone  
  17  0:56  Hatchery  
  16  0:58  Drone  
  16  1:01  Drone  
  18  1:16  Spawning Pool  
  18  1:25  Drone x2  
  18  1:26  Extractor  
  18  1:30  Drone  
  19  1:42  Drone  
  20  1:54  Overlord  
  20  2:06  Queen  
  20  2:08  Drone, Queen  
  24  2:11  Drone  
  24  2:13  Drone  
  27  2:25  Metabolic Boost  
  27  2:32  Drone x2  
  27  2:34  Drone  
  27  2:35  Drone  
  30  2:40  Extractor  
  30  2:44  Zergling x2  
  30  2:54  Zergling x2  
  28  3:04  Spine Crawler  
  27  3:09  Evolution Chamber  
  27  3:11  Evolution Chamber  
  27  3:12  Drone x3  
  28  3:17  Zergling x4  
  30  3:25  Queen  
  32  3:35  Zerg Melee Weapons Level 1  
  32  3:45  Zergling x8  
  34  4:08  Zergling x2  
  35  4:18  Overlord  
  35  4:19  Overlord  
  35  4:25  Baneling Nest  
  34  4:32  Drone  
  34  4:37  Drone x2  
  38  4:38  Drone  
  38  4:41  Drone  
  39  4:52  Drone x3  
  42  4:53  Drone  
  42  4:56  Drone  
  44  5:08  Baneling  
  44  5:09  Baneling x5  
  44  5:19  Zergling x10  
  49  5:25  Drone  
  50  5:33  Zerg Ground Armor Level 1  
  50  5:34  Overlord x2  
  50  5:40  Drone  
  51  5:49  Overlord x2  
  51  5:51  Lair  
  51  6:26  Drone x7  
  58  6:32  Hatchery  
  58  6:33  Extractor  
  58  6:35  Extractor  
  55  6:45  Drone  
  55  6:46  Drone x10  
  66  6:49  Baneling x3  
  66  6:50  Centrifical Hooks  
  66  6:58  Drone  
  66  6:59  Drone x4  
  71  7:02  Zerg Melee Weapons Level 2  
  71  7:04  Overlord  
  67  7:49  Spore Crawler  
  64  7:51  Spore Crawler  
  64  7:54  Spore Crawler  
  64  7:57  Hydralisk Den  
  64  7:58  Spore Crawler  
  60  8:00  Spore Crawler  
  60  8:01  Drone x6  
  60  8:02  Drone, Spore Crawler  
  65  8:05  Spore Crawler  
  65  8:08  Spore Crawler  
  65  8:09  Extractor, Drone x3, Spore Crawler  
  65  8:10  Extractor  
  63  8:14  Zergling x2  
  63  8:15  Zergling x10  
  63  8:19  Overlord x2  
  69  8:26  Queen  
  72  8:27  Drone  
  72  8:33  Muscular Augments  
  72  8:34  Zerg Missile Weapons Level 1  
  71  8:47  Hydralisk  
  71  8:48  Hydralisk x5  
  73  8:51  Drone x2  
  73  8:55  Hydralisk  
  85  8:56  Hydralisk x4  
  95  9:22  Overlord  
  95  9:23  Overlord x2  
  95  9:31  Drone x2  
  96  9:32  Overlord  
  97  9:41  Infestation Pit  
  97  9:42  Hydralisk x2  
  97  9:43  Hydralisk  
  97  9:45  Baneling x4  
  102  9:46  Baneling x4  
  102  9:48  Hatchery, Drone  
  102  9:50  Drone  
  102  9:52  Drone  
  104  9:54  Drone  
  101  10:32  Hydralisk x2  
  101  10:33  Hydralisk x6  
  117  10:41  Hive  
  117  10:42  Zerg Missile Weapons Level 2  
  117  10:43  Zerg Ground Armor Level 2  
  117  10:55  Hydralisk x5  
  127  11:00  Drone x3  
  127  11:03  Overlord  
  130  11:07  Overlord  
  130  11:19  Drone x2  
  130  11:20  Queen  
  130  11:24  Hydralisk  
  130  11:25  Hydralisk x2  
  140  11:35  Drone x5  
  140  11:36  Overlord  
  140  11:39  Overlord  
  145  11:46  Extractor  
  144  11:47  Extractor  
  144  11:48  Drone x3  
  146  11:59  Ultralisk Cavern  
  145  12:08  Hydralisk x5  
  155  12:16  Drone x2  
  157  12:27  Overlord  
  157  12:28  Overlord x4  
  150  13:07  Ultralisk x8  
Show
View Real Time Build Order
Export as new Build Order

emswvsmith Zerg 

Build Orders: Hatch First 

Get SALT Encoding   

  12  0:02  Drone  
  13  0:11  Drone  
  14  0:17  Overlord  
  14  0:36  Drone x2  
  16  1:00  Drone x3  
  19  1:06  Extractor  
  19  1:08  Hatchery  
  19  1:09  Extractor  
  16  1:34  Spawning Pool, Drone x3  
  18  2:27  Spore Crawler  
  18  2:29  Hatchery  
  16  2:33  Spine Crawler  
  16  2:35  Drone x3  
  18  2:38  Queen  
  20  2:45  Queen  
  20  2:46  Drone x3  
  25  3:05  Zergling x4  
  27  3:11  Drone  
  28  3:26  Overlord  
  28  3:42  Drone x2  
  29  3:55  Drone x2  
  30  3:57  Zergling x2  
  31  4:31  Spine Crawler  
  30  4:36  Spine Crawler  
  29  4:48  Drone x3  
  32  4:58  Spine Crawler  
  31  5:01  Spine Crawler  
  31  5:03  Spine Crawler  
  31  5:05  Drone x3  
  32  5:09  Drone  
  35  5:17  Lair  
  33  5:33  Extractor  
  32  5:36  Extractor  
  32  5:38  Drone x3  
  34  5:47  Extractor  
  33  5:51  Extractor  
  32  6:05  Spore Crawler  
  31  6:13  Spore Crawler  
  30  6:43  Drone x7  
  37  6:50  Queen  
  39  7:05  Spire  
  39  7:06  Drone x3  
  41  7:21  Drone  
  42  7:24  Overlord x4  
  42  7:25  Overlord  
  42  7:48  Drone x2  
  44  7:55  Drone x3  
  47  8:18  Spore Crawler  
  46  8:20  Spine Crawler  
  45  8:30  Spire  
  44  8:38  Drone x3  
  44  8:39  Drone  
  48  9:02  Hatchery  
  47  9:06  Corruptor  
  47  9:07  Corruptor x7  
  47  9:08  Corruptor x5  
  73  9:18  Zerg Flyer Weapons Level 1  
  73  9:42  Zerg Flyer Armor Level 1  
  73  9:51  Infestation Pit  
  72  10:18  Overlord x6  
  72  10:46  Hive  
  72  10:54  Drone  
  72  10:55  Drone x3  
  76  11:02  Corruptor x5  
  76  11:03  Corruptor x7  
  76  11:04  Corruptor  
  102  11:12  Overlord  
  102  11:13  Overlord  
  102  11:30  Zerg Flyer Weapons Level 2  
  102  11:37  Zerg Flyer Armor Level 2  
  102  12:02  Corruptor x3  
  102  12:03  Corruptor x3  
  114  12:17  Drone x3  
  117  12:35  Metabolic Boost  
  118  13:41  Zergling x8  
  118  13:42  Zergling x14  
  123  14:03  Greater Spire  
  109  14:23  Mutalisk  
  109  14:24  Mutalisk x7  
  109  14:25  Mutalisk  
  114  14:55  Corruptor  
Show
View Real Time Build Order
Export as new Build Order

Tenonee Zerg - Winner!

Build Orders: Hatch First 

Get SALT Encoding   

  12  0:01  Drone  
  13  0:14  Overlord  
  13  0:22  Drone  
  14  0:34  Drone x2  
  16  0:39  Drone  
  17  0:56  Drone  
  18  1:02  Hatchery  
  17  1:09  Extractor  
  16  1:18  Spawning Pool  
  15  1:25  Drone x2  
  17  1:35  Overlord  
  17  1:39  Drone  
  18  1:54  Drone  
  19  1:59  Drone  
  20  2:09  Queen  
  20  2:12  Metabolic Boost  
  22  2:25  Queen  
  22  2:27  Drone x3  
  27  2:53  Zergling x2  
  27  2:54  Zergling x8  
  32  3:01  Queen  
  34  3:09  Drone  
  35  3:16  Overlord x2  
  35  3:21  Drone  
  35  3:23  Overlord  
  36  3:32  Roach Warren  
  35  3:46  Drone x3  
  33  4:03  Zergling x2  
  33  4:04  Zergling x14  
  41  4:16  Drone x4  
  45  4:22  Hatchery  
  44  4:33  Drone x3  
  44  4:34  Drone  
  44  4:35  Lair  
  49  4:38  Drone x2  
  50  4:47  Drone x2  
  50  4:49  Drone  
  53  5:03  Queen  
  53  5:07  Extractor x2  
  54  5:11  Extractor  
  52  5:20  Overlord x3  
  52  5:24  Drone  
  52  5:25  Drone x2  
  55  5:32  Drone x4  
  59  5:45  Overlord  
  59  5:46  Drone x5  
  59  5:47  Drone  
  65  5:50  Spire  
  65  5:54  Evolution Chamber  
  65  5:55  Evolution Chamber  
  60  6:15  Drone  
  60  6:16  Drone x4  
  64  6:24  Zerg Ground Armor Level 1, Zerg Melee Weapons Level 1  
  61  6:28  Extractor, Drone  
  61  6:29  Drone x2, Extractor  
  62  6:36  Drone x5  
  62  6:37  Drone x6  
  72  6:48  Drone x2  
  72  6:49  Drone  
  75  6:56  Spore Crawler  
  75  6:57  Spore Crawler  
  75  6:59  Spore Crawler  
  72  7:06  Mutalisk x2, Zerg Flyer Weapons Level 1  
  72  7:07  Mutalisk x5  
  85  7:22  Zergling x18  
  94  7:35  Queen  
  90  7:37  Mutalisk x3  
  90  7:43  Drone  
  90  7:44  Drone x6  
  90  8:13  Overlord x2  
  90  8:15  Infestation Pit  
  90  8:18  Drone x3  
  90  8:19  Drone  
  93  8:23  Drone x2  
  95  8:33  Zerg Ground Armor Level 2, Zerg Melee Weapons Level 2  
  95  8:38  Hatchery  
  94  8:51  Drone x2  
  94  8:53  Mutalisk x2  
  94  8:54  Mutalisk x2  
  104  8:56  Overlord x3  
  102  9:23  Baneling Nest, Hive  
  101  9:33  Overlord x4  
  101  9:46  Drone  
  101  9:47  Drone x2  
  101  9:48  Drone x4  
  101  9:49  Drone x3, Overlord x3  
  111  10:00  Extractor  
  111  10:04  Extractor  
  109  10:12  Queen  
  102  10:22  Zerg Flyer Weapons Level 2  
  100  10:57  Zerg Melee Weapons Level 3, Zerg Ground Armor Level 3  
  100  10:58  Ultralisk Cavern  
  100  11:00  Baneling x5  
  100  11:01  Baneling x4  
  100  11:02  Zergling x4  
  100  11:03  Zergling x20  
  111  11:09  Drone  
  111  11:10  Drone x5  
  117  11:17  Drone x3  
  120  11:24  Baneling x2  
  120  11:25  Baneling x2, Centrifical Hooks  
  120  11:39  Overlord x3  
  120  11:48  Chitinous Plating  
  120  11:52  Ultralisk  
  120  11:53  Ultralisk x7  
  168  12:21  Ultralisk x3  
  186  13:12  Overlord x3  
  143  14:05  Extractor, Hatchery, Ultralisk x7  
  143  14:06  Ultralisk x2  
  143  14:07  Extractor  
  194  14:38  Ultralisk  
Show
View Real Time Build Order
Export as new Build Order

Khronus Zerg - Winner!

Build Orders: Pool First 

Get SALT Encoding   

  12  0:03  Drone  
  13  0:12  Overlord  
  13  0:18  Drone  
  14  0:24  Extractor  
  14  0:28  Drone  
  14  0:43  Spawning Pool  
  13  0:52  Drone  
  14  1:18  Hatchery  
  14  1:23  Drone  
  14  1:34  Metabolic Boost  
  14  1:49  Zergling x6  
  17  2:02  Queen  
  17  2:06  Zergling x2  
  17  3:01  Zergling x12  
  23  3:08  Queen  
  25  3:25  Drone x2  
  24  4:10  Drone  
  24  4:11  Drone x3  
  24  4:12  Drone  
  25  4:31  Overlord  
  25  4:32  Overlord  
  25  4:38  Extractor, Lair  
  24  4:47  Roach Warren  
  24  4:48  Overlord  
  23  5:10  Hatchery  
  22  5:16  Drone x5  
  22  5:17  Drone x2  
  29  5:45  Drone  
  29  5:46  Drone x5  
  29  5:47  Drone x6  
  41  5:58  Extractor  
  41  6:01  Extractor  
  39  6:13  Evolution Chamber  
  39  6:16  Evolution Chamber  
  39  6:17  Drone  
  38  6:20  Drone x2  
  38  6:23  Drone x3  
  43  6:43  Queen  
  45  6:53  Glial Reconstitution  
  45  6:56  Zerg Missile Weapons Level 1  
  45  6:57  Zerg Ground Armor Level 1  
  45  7:05  Spore Crawler  
  44  7:09  Spore Crawler  
  43  7:19  Hydralisk Den  
  43  7:21  Drone x5  
  47  7:27  Roach  
  47  7:28  Overlord  
  47  7:29  Overlord x2  
  49  7:55  Muscular Augments  
  49  8:01  Hydralisk  
  49  8:02  Hydralisk x8  
  67  8:23  Infestation Pit  
  67  8:26  Drone x4  
  70  8:46  Drone  
  70  8:47  Drone x3  
  74  9:04  Overlord x6  
  74  9:06  Zerg Missile Weapons Level 2  
  74  9:07  Zerg Ground Armor Level 2  
  74  9:10  Lurker Den  
  74  9:16  Hive  
  74  9:19  Overlord x3  
  74  9:35  Drone  
  74  9:38  Drone x4  
  78  9:41  Drone  
  78  9:42  Drone x6  
  78  9:43  Drone x2  
  88  9:47  Extractor  
  88  9:48  Extractor  
  86  10:22  Hatchery  
  85  10:40  Hydralisk  
  85  10:41  Hydralisk x13  
  113  11:23  Zerg Missile Weapons Level 3  
  113  11:25  Zerg Ground Armor Level 3  
  113  11:49  Roach x4  
  113  11:50  Hydralisk, Roach x14  
  113  11:52  Overlord  
  113  11:53  Overlord x4  
  151  12:10  Queen  
  153  12:40  Roach  
  153  12:41  Roach x11  
  171  13:08  Hydralisk  
  171  13:09  Hydralisk x9  
  187  14:19  Hydralisk  
  187  14:20  Hydralisk  
  187  14:21  Overlord  
  187  14:22  Overlord x11  
Tags
 
Add a new tag
Caveats
  • Supply blocks, unpowered buildings, or Contaminate may cause inaccurate times.
  • Supply counts are checked every 10 seconds.